Map: [ESL] Moondance

Players

RiSkyZ (RiSky)

  • Race: Zerg Zerg
  • Spawn Location: 12:00

Spirit (souL) - Winner!

  • Race: Terran Terran
  • League: Master
  • Spawn Location: 6:00

Event: HomeStory Cup XXII

VOD

Have the link to the VOD?

Description

Time

  • Played on: Dec. 15, 2022, 10:37 a.m.
  • Length: 23:11

All games in this series

Show
View Real Time Build Order
Export as new Build Order

RiSkyZ Zerg 

Build Orders: Hatch First 

Get SALT Encoding   

  12  0:00  Drone  
  13  0:12  Overlord  
  13  0:17  Drone  
  14  0:31  Drone x2  
  16  0:48  Hatchery  
  15  0:51  Drone  
  15  0:55  Drone  
  17  0:58  Drone  
  18  1:09  Extractor  
  17  1:14  Spawning Pool  
  17  1:17  Drone  
  17  1:20  Drone  
  18  1:28  Drone  
  19  1:39  Drone  
  20  1:56  Overlord  
  20  2:00  Queen x2  
  24  2:01  Zergling x4  
  26  2:12  Drone x2  
  26  2:14  Metabolic Boost  
  28  2:23  Drone  
  28  2:26  Drone  
  29  2:38  Hatchery  
  29  2:41  Drone  
  29  2:46  Queen  
  29  2:51  Overlord  
  31  2:55  Drone x2  
  31  2:58  Drone  
  34  3:00  Drone  
  35  3:09  Drone  
  35  3:12  Drone  
  37  3:13  Drone x3  
  37  3:17  Overlord  
  40  3:20  Zergling x2  
  40  3:26  Overlord  
  41  3:30  Queen  
  43  3:36  Overlord  
  43  3:43  Queen, Drone x2  
  47  3:48  Drone  
  47  3:52  Drone  
  47  3:53  Drone  
  47  3:55  Drone x4  
  53  3:59  Queen  
  53  4:00  Drone, Overlord  
  57  4:03  Drone  
  57  4:04  Drone  
  57  4:08  Drone  
  60  4:11  Drone  
  60  4:12  Lair  
  60  4:15  Zergling x2  
  62  4:17  Zergling x2  
  62  4:22  Queen  
  62  4:24  Zergling x4  
  67  4:28  Overlord  
  67  4:29  Drone x2  
  69  4:35  Drone  
  69  4:38  Drone x2  
  72  4:39  Drone  
  72  4:41  Drone  
  72  4:45  Baneling Nest, Drone  
  75  4:47  Queen  
  75  4:49  Drone, Overlord  
  75  4:52  Drone x2  
  79  4:53  Spore Crawler  
  79  4:54  Spore Crawler  
  79  4:55  Spore Crawler  
  79  4:58  Drone x2  
  78  5:07  Drone  
  79  5:09  Overlord  
  79  5:10  Hatchery  
  79  5:13  Overlord  
  78  5:14  Queen  
  78  5:17  Drone x2, Extractor x4  
  78  5:20  Drone x2  
  80  5:23  Overseer  
  80  5:25  Overseer  
  80  5:26  Drone x2  
  82  5:29  Evolution Chamber  
  82  5:31  Evolution Chamber  
  82  5:34  Drone x5  
  85  5:41  Drone  
  85  5:42  Drone x2  
  88  5:45  Drone x3  
  88  5:48  Drone x2  
  93  5:54  Overlord x2  
  93  5:58  Overlord  
  91  6:08  Overlord  
  91  6:10  Zergling x10  
  95  6:14  Zergling x2  
  95  6:15  Zerg Ground Armor Level 1, Zerg Melee Weapons Level 1  
  96  6:20  Zergling x10  
  99  6:26  Zergling x2  
  99  6:27  Zergling x8  
  99  6:31  Zergling x4  
  106  6:36  Hatchery  
  102  6:41  Zergling x8  
  102  6:47  Hydralisk Den, Drone x3  
  104  6:58  Drone  
  105  7:03  Drone  
  105  7:05  Drone x8  
  105  7:08  Drone  
  115  7:10  Hatchery  
  115  7:12  Drone  
  115  7:14  Drone  
  116  7:18  Drone  
  116  7:20  Baneling x3  
  116  7:21  Baneling x12  
  117  7:23  Spore Crawler  
  117  7:25  Zergling x18  
  125  7:32  Grooved Spines  
  125  7:33  Zergling x4  
  125  7:36  Zergling x2  
  125  7:37  Zergling x6  
  131  7:39  Centrifugal Hooks  
  131  7:40  Zergling x4  
  133  7:44  Queen  
  133  7:47  Overlord x5  
  135  7:56  Overlord  
  135  7:59  Zergling x8  
  135  8:00  Zergling x4, Overlord x2  
  135  8:05  Zergling x4  
  141  8:08  Zergling x2  
  141  8:12  Hydralisk x6  
  147  8:14  Hydralisk x2  
  147  8:17  Hydralisk x2  
  161  8:20  Hydralisk  
  161  8:24  Zerg Ground Armor Level 2  
  161  8:25  Zerg Melee Weapons Level 2  
  163  8:32  Zergling x14  
  170  8:37  Baneling x9  
  170  8:39  Zergling x6  
  173  8:44  Zergling x12, Muscular Augments  
  173  8:48  Zergling x2  
  175  9:02  Zergling x8  
  174  9:03  Zergling x12  
  178  9:13  Zergling x12  
  183  9:17  Baneling x3  
  172  9:25  Zergling x10  
  172  9:27  Hatchery  
  157  9:35  Hydralisk x4  
  157  9:36  Hydralisk  
  157  9:37  Hydralisk x3  
  172  9:48  Hydralisk x5  
  172  9:52  Infestation Pit  
  179  9:57  Hydralisk x3  
  179  10:06  Zergling x6  
  181  10:14  Zergling x14  
  177  10:22  Zergling x8  
  177  10:27  Zergling x2  
  168  10:32  Zergling x8  
  170  10:48  Zerg Missile Weapons Level 1  
  170  10:50  Hive  
  170  10:51  Drone x10  
  170  10:52  Hatchery  
  179  11:02  Pneumatized Carapace  
  179  11:04  Drone x7  
  186  11:09  Baneling x14  
  186  11:10  Baneling  
  186  11:11  Overseer  
  186  11:15  Drone  
  187  11:23  Baneling x2  
  187  11:30  Drone x8  
  195  11:33  Spore Crawler  
  195  11:34  Spore Crawler  
  195  11:36  Hatchery  
  195  11:37  Hatchery  
  195  11:39  Hatchery  
  190  11:41  Spore Crawler  
  190  11:43  Zergling x16  
  190  11:44  Spore Crawler  
  190  11:45  Spore Crawler x2  
  198  11:54  Overlord  
  198  11:57  Overlord x2  
  198  12:07  Zergling x2  
  198  12:08  Zergling x2  
  200  12:15  Zerg Ground Armor Level 3  
  200  12:21  Extractor  
  200  12:22  Extractor  
  193  12:25  Zergling x24  
  196  12:33  Zergling x16  
  198  12:41  Extractor  
  198  12:42  Hatchery  
  190  12:45  Zergling x18  
  190  12:47  Baneling x10  
  190  12:48  Baneling x2  
  199  12:53  Drone  
  199  12:56  Zerg Missile Weapons Level 2  
  199  12:58  Lurker Den  
  199  13:11  Viper  
  194  13:27  Viper x2  
  200  13:36  Baneling x30  
  185  14:10  Zergling x26  
  185  14:16  Zergling x18  
  185  14:17  Zergling x4  
  184  14:25  Zergling x14  
  184  14:29  Baneling x15  
  184  14:31  Zergling x2  
  184  14:32  Zergling x6  
  170  14:39  Hydralisk x4  
  170  14:42  Hydralisk  
  171  14:47  Hydralisk x4  
  175  14:52  Overseer  
  175  14:53  Overseer x2, Hydralisk x3  
  175  14:56  Adrenal Glands  
  181  15:07  Hydralisk x8  
  171  15:13  Hydralisk x2  
  170  15:16  Hydralisk  
  170  15:21  Zergling x6  
  172  15:26  Zergling x12  
  178  15:30  Zergling x8  
  178  15:32  Zergling x8  
  178  15:33  Spore Crawler  
  178  15:34  Spore Crawler  
  184  15:40  Zergling x8  
  188  15:46  Hatchery  
  188  15:49  Zergling x2  
  188  15:50  Zergling x10  
  188  15:53  Hatchery  
  169  15:57  Zerg Missile Weapons Level 3  
  169  15:58  Hydralisk x5  
  169  15:59  Hydralisk x4  
  169  16:02  Zergling x4  
  187  16:07  Hatchery  
  186  16:12  Zergling x12  
  192  16:21  Zergling x8  
  196  16:26  Baneling  
  196  16:27  Baneling x19  
  196  16:30  Seismic Spines  
  196  16:33  Zergling x6  
  199  16:45  Zergling x16  
  197  16:56  Zergling x8  
  197  16:59  Zergling x18  
  197  17:00  Hydralisk x3  
  196  17:08  Drone  
  196  17:09  Drone x3  
  200  17:30  Baneling x4  
  200  17:31  Baneling x21  
  200  17:33  Hatchery  
  197  17:50  Zergling x8  
  199  18:04  Zergling x4  
  199  18:05  Zergling x4  
  198  18:15  Zergling x14  
  180  18:28  Zergling x40  
  180  18:33  Hydralisk x4  
  188  18:41  Hydralisk x4  
  185  18:46  Hydralisk x4  
  193  18:54  Hydralisk x5  
  184  19:02  Zergling x12  
  190  19:05  Viper  
  187  19:12  Drone x4  
  191  19:23  Baneling x20  
  189  19:43  Zergling x26  
  172  19:47  Zergling x4  
  172  19:51  Spore Crawler  
  161  19:56  Zergling x10  
  151  20:24  Zergling x32  
  151  20:27  Zergling x6  
  170  20:38  Baneling  
  170  20:39  Baneling x14  
  169  20:48  Zergling x2  
  169  20:49  Zergling x16  
  168  21:03  Zergling x22  
  175  21:17  Zergling x16  
  171  21:23  Zergling x14  
  176  21:32  Zergling x14  
  171  21:45  Zergling x14  
  178  21:50  Baneling x6  
  178  21:51  Baneling x3  
  178  21:52  Hatchery  
  176  22:00  Zergling x12  
  151  22:03  Zergling x6  
  151  22:08  Overseer  
  148  22:12  Zergling x12  
  151  22:19  Zergling x4  
  151  22:20  Zergling x2  
  151  22:31  Zergling x12  
  151  22:36  Baneling x7  
  157  22:39  Zergling x4  
Show
View Real Time Build Order
Export as new Build Order

Spirit Terran - Winner!

Build Orders: Reaper Expand, Hellion Banshee 

Get SALT Encoding   

  12  0:00  SCV  
  13  0:14  SCV  
  14  0:17  Supply Depot  
  14  0:26  SCV  
  15  0:38  SCV  
  15  0:40  Barracks  
  16  0:44  Refinery  
  16  0:50  SCV  
  17  1:03  SCV  
  18  1:15  SCV  
  19  1:27  Orbital Command  
  19  1:28  Reaper  
  20  1:40  Command Center  
  20  1:48  Supply Depot  
  20  1:53  SCV  
  21  2:00  Marine  
  22  2:05  SCV  
  23  2:12  Factory  
  23  2:17  SCV  
  24  2:23  Barracks Reactor  
  24  2:29  SCV  
  25  2:40  Command Center  
  25  2:41  SCV  
  26  2:53  SCV, Orbital Command  
  27  3:00  Starport  
  27  3:02  Refinery  
  27  3:07  Hellion  
  27  3:11  Hellion  
  31  3:14  SCV, Barracks Tech Lab  
  32  3:20  SCV  
  32  3:27  SCV  
  34  3:32  SCV, Hellion x2  
  39  3:39  SCV  
  40  3:44  SCV  
  40  3:45  Banshee  
  43  3:51  SCV  
  43  3:53  Orbital Command  
  43  3:54  Hellion x2  
  48  3:56  Cloaking Field  
  48  4:02  SCV  
  49  4:03  SCV  
  49  4:06  Barracks Tech Lab  
  50  4:11  Supply Depot  
  50  4:14  SCV  
  50  4:15  Hellion x2  
  50  4:16  SCV  
  56  4:22  SCV  
  57  4:26  SCV  
  57  4:28  Marine  
  57  4:30  Supply Depot, SCV  
  60  4:32  Banshee  
  60  4:36  SCV  
  64  4:38  Stimpack  
  64  4:41  SCV  
  65  4:45  Marine  
  65  4:52  Refinery, Orbital Command  
  66  4:53  Refinery  
  66  4:55  Barracks  
  66  4:56  Factory Reactor  
  66  4:59  Supply Depot, SCV x2  
  68  5:03  Marine  
  68  5:05  Engineering Bay, Barracks  
  68  5:06  Engineering Bay  
  69  5:11  SCV  
  69  5:12  SCV  
  71  5:15  Supply Depot  
  71  5:20  SCV  
  72  5:21  Supply Depot, Marine  
  72  5:23  SCV  
  72  5:24  SCV  
  72  5:27  Starport Reactor  
  75  5:32  SCV, Barracks  
  75  5:33  Terran Infantry Weapons Level 1  
  76  5:35  Barracks  
  76  5:36  SCV x2, Terran Infantry Armor Level 1  
  78  5:44  SCV  
  78  5:45  Bunker  
  78  5:48  SCV x2  
  81  5:50  Marine  
  81  5:51  Supply Depot  
  81  5:53  Supply Depot  
  81  5:55  Siege Tank  
  81  5:57  SCV  
  86  5:59  Marine  
  86  6:00  SCV  
  86  6:01  SCV, Marine  
  90  6:08  Marine  
  90  6:09  SCV  
  92  6:12  SCV  
  92  6:14  SCV  
  92  6:17  Marine  
  92  6:18  Supply Depot, Combat Shield, Marine  
  95  6:19  Refinery  
  95  6:21  Barracks Reactor  
  95  6:25  Barracks Reactor  
  96  6:26  SCV, Marine  
  96  6:27  Siege Tank  
  96  6:28  Medivac  
  96  6:30  SCV  
  96  6:32  Medivac  
  106  6:35  Supply Depot, Marine  
  106  6:36  Marine  
  106  6:43  Marine  
  106  6:46  SCV  
  106  6:49  Armory  
  106  6:51  Marine x2  
  106  6:53  Marine  
  106  6:54  SCV x2, Marine  
  111  6:59  Supply Depot, SCV  
  111  7:00  Marine  
  111  7:01  Marine x2  
  114  7:02  Supply Depot, Marine  
  114  7:03  Marine  
  118  7:09  Marine x2  
  118  7:11  Marine  
  118  7:12  Marine  
  122  7:17  Command Center  
  122  7:18  Marine  
  122  7:19  Marine  
  122  7:22  Supply Depot, Marine  
  125  7:26  Supply Depot  
  125  7:27  Marine x2  
  125  7:28  Siege Tank, Marine  
  125  7:29  Marine  
  132  7:30  Marine  
  132  7:31  Marine  
  132  7:36  Marine  
  135  7:37  Marine  
  135  7:38  Medivac  
  135  7:40  Marine  
  135  7:41  Medivac  
  141  7:45  Marine x2  
  141  7:46  Marine  
  141  7:47  Marine  
  141  7:48  Marine  
  141  7:49  Marine  
  141  7:50  Terran Infantry Armor Level 2, Terran Infantry Weapons Level 2  
  147  7:54  Marine  
  147  7:55  Marine  
  147  7:58  Marine  
  150  8:02  Siege Tank, Marine  
  150  8:03  Marine  
  155  8:06  Supply Depot, Marine  
  155  8:07  Marine  
  155  8:08  Supply Depot  
  155  8:10  Marine  
  155  8:12  Medivac x2  
  162  8:17  Marine  
  162  8:19  Supply Depot x2  
  163  8:24  Marine  
  163  8:26  Marine  
  165  8:27  Marine x3  
  165  8:33  SCV x3  
  171  8:36  Supply Depot, Marine  
  171  8:37  Factory  
  172  8:41  Marine  
  172  8:42  Medivac  
  172  8:45  SCV x2, Siege Tank, Marine  
  180  8:55  Marine  
  180  8:57  SCV  
  180  8:58  Marine  
  180  9:00  Marine  
  180  9:01  Planetary Fortress  
  180  9:02  SCV  
  183  9:07  Marine x2  
  183  9:08  Marine x2  
  182  9:13  SCV  
  182  9:15  SCV, Sensor Tower  
  184  9:19  Marine  
  184  9:23  Marine x4  
  189  9:24  Marine  
  189  9:25  Sensor Tower, Marine x2  
  189  9:26  Marine  
  183  9:34  SCV  
  183  9:35  Siege Tank  
  183  9:37  SCV, Marine  
  174  9:41  Marine x4  
  174  9:42  Marine x2  
  174  9:44  SCV  
  180  9:46  Command Center, SCV  
  180  9:48  Marine x2  
  180  9:49  SCV  
  183  10:01  Marine  
  183  10:03  SCV x2  
  184  10:07  Ghost Academy, Siege Tank  
  184  10:08  Barracks  
  184  10:09  Barracks  
  184  10:10  Barracks  
  186  10:16  Marine  
  176  10:23  Marine x8  
  176  10:24  SCV  
  173  10:34  Marine  
  172  10:35  Liberator  
  172  10:36  Liberator  
  172  10:39  Siege Tank  
  172  10:40  Terran Infantry Weapons Level 3  
  172  10:41  Marine x8  
  181  10:47  Refinery x2  
  167  10:51  Factory Tech Lab  
  167  10:54  Terran Infantry Armor Level 3  
  167  10:56  Fusion Core  
  168  11:03  Barracks Tech Lab  
  166  11:04  Barracks Tech Lab x2  
  166  11:11  Siege Tank  
  166  11:14  Refinery  
  166  11:17  Siege Tank  
  172  11:21  Liberator x2  
  172  11:22  Command Center  
  184  11:32  Marauder  
  184  11:33  Marauder x3  
  186  11:40  Planetary Fortress  
  186  11:43  Siege Tank  
  189  11:47  Command Center  
  189  11:49  Siege Tank  
  192  11:54  Ghost  
  192  11:56  Advanced Ballistics  
  194  12:01  Command Center  
  194  12:03  Refinery  
  194  12:10  Refinery, Ghost  
  194  12:11  Ghost  
  198  12:21  Ghost  
  192  12:22  Ghost  
  192  12:27  Siege Tank  
  195  12:34  Siege Tank  
  195  12:37  Refinery, Medivac  
  186  12:44  Medivac  
  174  12:45  Orbital Command  
  174  12:46  SCV x3  
  177  12:56  Command Center  
  177  12:58  Personal Cloaking, Command Center, SCV x3  
  178  12:59  Siege Tank  
  178  13:01  Terran Vehicle Weapons Level 1  
  183  13:06  Medivac  
  183  13:08  Siege Tank  
  183  13:09  Marine  
  183  13:10  SCV, Marauder x2, Marine x2  
  183  13:11  Marine  
  196  13:14  Medivac  
  196  13:15  Orbital Command  
  196  13:16  Marine  
  195  13:20  Marauder, Marine x2  
  195  13:21  Marine  
  200  13:35  Missile Turret  
  200  13:44  Planetary Fortress  
  200  13:46  Command Center  
  200  13:48  Command Center, Sensor Tower  
  200  13:55  Missile Turret  
  200  14:10  Siege Tank  
  187  14:23  Liberator  
  170  14:24  Marauder, Marine  
  170  14:25  Marauder x2  
  169  14:34  Liberator  
  169  14:36  Ghost  
  169  14:37  Marine  
  158  14:38  Marine  
  158  14:41  Marine x3  
  158  14:44  Siege Tank  
  158  14:45  Marine  
  158  14:46  Marauder x3, Marine x2  
  158  14:47  Command Center  
  167  14:54  Siege Tank  
  167  14:55  Marine  
  167  14:56  Marine  
  167  14:59  Marine x3  
  175  15:06  Liberator  
  172  15:07  Marauder, Marine  
  172  15:09  Marine  
  172  15:11  Marine  
  172  15:18  Marine  
  172  15:19  Ghost  
  172  15:20  Marine, Ghost x2  
  163  15:23  Siege Tank, Marine  
  163  15:25  SCV x4  
  163  15:28  Ghost  
  173  15:37  SCV x3  
  173  15:39  Siege Tank  
  179  15:45  Marine  
  179  15:48  Ghost x2  
  184  15:53  Ghost  
  184  15:56  Ghost  
  154  16:10  SCV x4, Refinery  
  158  16:11  Refinery  
  158  16:16  Ghost  
  158  16:17  Marauder  
  156  16:18  Marine  
  156  16:21  Ghost  
  156  16:22  Marine x2  
  161  16:28  Marine x6  
  161  16:32  Planetary Fortress  
  166  16:36  Marine  
  166  16:38  Marine  
  166  16:39  Siege Tank  
  171  16:40  Marine x2  
  171  16:42  Orbital Command  
  171  16:49  Siege Tank  
  147  17:01  Marine  
  147  17:02  Marauder, Marine x6  
  147  17:05  Marine  
  157  17:10  Marine  
  157  17:11  Siege Tank  
  157  17:13  Marauder, Marine  
  164  17:19  Marine  
  164  17:20  Marine x3  
  164  17:22  Marine, Ghost  
  168  17:25  Medivac  
  168  17:27  Marine x3  
  168  17:28  Marauder  
  167  17:31  SCV x4  
  167  17:32  Marine  
  167  17:36  Marine  
  173  17:39  Marine x2  
  173  17:42  Medivac, Orbital Command  
  177  17:48  Sensor Tower  
  177  17:50  Siege Tank  
  180  17:51  Marine  
  180  17:52  Marine  
  180  17:53  Marauder  
  180  17:55  Marine  
  180  17:57  Marine  
  180  17:58  Marauder  
  188  18:02  Supply Depot, Marine  
  189  18:07  Marine  
  190  18:15  Ghost  
  190  18:19  Ghost  
  178  18:33  Marauder x2, Marine  
  179  18:36  Siege Tank  
  179  18:37  Marine  
  179  18:38  Marine  
  179  18:41  Marine x5  
  180  18:45  Medivac x2, Marauder  
  175  18:49  Marauder  
  175  18:51  Marine  
  175  18:54  Marine x2  
  175  18:55  Marauder  
  174  18:56  Marine  
  174  18:58  Marine x2  
  174  18:59  Marine  
  174  19:01  Siege Tank  
  181  19:06  Marauder  
  181  19:08  Siege Tank  
  186  19:10  Marauder  
  186  19:13  Marauder  
  186  19:15  Medivac x2  
  186  19:16  Marauder  
  196  19:24  Marine  
  196  19:27  Marauder  
  186  19:46  Marine  
  186  19:48  Marine  
  186  19:51  Siege Tank, Marine  
  185  19:53  Siege Tank  
  185  19:54  Marine  
  185  19:55  Marauder  
  185  19:57  Sensor Tower  
  185  19:58  Missile Turret  
  186  20:00  Liberator, Command Center  
  186  20:01  Medivac  
  191  20:11  Concussive Shells  
  191  20:19  Factory  
  191  20:20  Planetary Fortress  
  191  20:26  Siege Tank  
  194  20:29  Marauder, Marine  
  194  20:31  Medivac  
  194  20:32  Marine  
  191  20:50  Siege Tank, Marine  
  195  21:03  Siege Tank  
  195  21:04  Marauder  
  200  21:05  Refinery  
  200  21:07  Refinery  
  200  21:14  Marine  
  186  21:18  Marine  
  186  21:22  Siege Tank  
  180  21:30  Command Center  
  180  21:35  Siege Tank  
  180  21:36  Marine  
  184  21:48  SCV x5  
  184  21:50  Factory Tech Lab  
  192  21:54  Siege Tank  
  192  22:00  SCV x5  
  173  22:03  Ghost x2  
  173  22:12  SCV  
  173  22:13  SCV x4  
  178  22:19  Marine  
  182  22:26  Planetary Fortress  
  175  22:30  SCV  
  175  22:31  SCV  
  175  22:33  SCV, Sensor Tower  
  175  22:36  SCV  
  179  22:39  SCV  
  179  22:43  SCV x2  
  179  22:45  SCV  
  179  22:48  SCV  
Tags
 
Add a new tag
Caveats
  • Supply blocks, unpowered buildings, or Contaminate may cause inaccurate times.
  • Supply counts are checked every 10 seconds.